 Dungeon Crawl Stone Soup version 0.28-a0-998-gb9e9c7b67e (webtiles) character file.

Game seed: 6029204192370522317

41 Lavandula the Bolt Thrower (level 3, -3/31 HPs)
             Began as a Naga Arcane Marksman on Dec 6, 2021.
             Was a Follower of Yredelemnul.
             Shot with a stone by a goblin (4 damage)
             ... led by Robin
             ... on level 2 of the Dungeon.
             The game lasted 00:02:38 (1088 turns).

Lavandula the Bolt Thrower (Naga Arcane Marksman)   Turns: 1088, Time: 00:02:39

Health: -3/31      AC:  2    Str: 14    XL:     3   Next: 52%
Magic:  4/4        EV:  9    Int: 13    God:    Yredelemnul [*.....]
Gold:   73         SH:  0    Dex: 11    Spells: 3/4 levels left

rFire   . . .      SeeInvis +   a - +0 hand crossbow
rCold   . . .      Faith    .   (no shield)
rNeg    . . .      Spirit   .   d - +0 robe
rPois   +          Reflect  .   (no helmet)
rElec   .          Harm     .   (no cloak)
rCorr   .          Rampage  .   (no gloves)
Will    .....                   (no barding)
Stlth   +.........              (no amulet)
HPRegen 0.10/turn               (no ring)
MPRegen 0.09/turn               (no ring)

@: very slow
A: AC +1, large, see invisible, deformed body, poison resistance, slowness 2,
spit poison 1, naga tail 1
a: Spit Poison, Renounce Religion, Animate Remains


You were on level 2 of the Dungeon.
You worshipped Yredelemnul.
Yredelemnul was aware of your devotion.
You visited 1 branch of the dungeon, and saw 2 of its levels.

You collected 73 gold pieces.

Inventory:

Hand Weapons
 a - a +0 hand crossbow (weapon)
 b - a +0 dagger
 h - a +0 spear
Missiles
 c - 30 bolts (quivered ammo)
Armour
 d - a +0 robe (worn)
Scrolls
 e - a scroll of teleportation {unknown}
 f - a scroll of vulnerability {unknown}
 g - a scroll of fog {unknown}
Potions
 i - a potion of curing {unknown}
 j - a potion of ambrosia {unknown}


   Skills:
 - Level 1.0 Fighting
 + Level 3.4 Crossbows
 - Level 1.5 Dodging
 - Level 1.0 Spellcasting
 - Level 3.0 Hexes


You had 3 spell levels left.
You knew the following spells:

 Your Spells              Type           Power      Damage    Failure   Level
a - Slow                  Hex            32%        N/A       9%          1

Your spell library contained the following spells:

 Spells                   Type           Power      Damage    Failure   Level
 Inner Flame              Hex/Fire       4%         N/A       41%         3
 Portal Projectile        Hex/Tloc       8%         N/A       41%         3
 Cause Fear               Hex            4%         N/A       63%         4
 Conjure Ball Lightning   Conj/Air       0%         3x3d6     100%        6
 Discord                  Hex            4%         N/A       100%        8
 Disjunction              Tloc           0%         N/A       100%        8


Dungeon Overview and Level Annotations

Branches:
Dungeon (2/15)

Altars:
Yredelemnul


Innate Abilities, Weirdness & Mutations

Your serpentine skin is tough. (AC +1)
You have supernaturally acute eyesight. (SInv)
Armour fits poorly on your strangely shaped body.
Your system is resistant to poisons. (rPois)
You cover ground very slowly.
You can spit poison.
You have a snake-like lower body.


Message History

You kill the rat!
Yredelemnul accepts your kill.
You hear a shout!
Aiming: Spit Poison (2% risk of failure)
Press: ? - help, Shift-Dir - straight line, f - goblin
Aim: a goblin, wielding a +0 dagger The splash of poison hits the goblin!
The goblin is poisoned.
You kill the goblin!
Yredelemnul accepts your kill.
The goblin unwields a +0 club.
The goblin wields a +2 hunting sling of flaming.
It bursts into flame!
The goblin shoots a stone.
The stone hits you. The stone burns you.
You shoot a bolt. The bolt barely misses the goblin.
The goblin shoots a stone.
The stone hits you. The stone burns you.
A goblin comes into view. It is wielding a +0 dagger.
Unknown command.
You shoot a bolt. The bolt barely misses the goblin.
The goblin shouts!
You hear a shout!
A goblin comes into view. It is wielding a +0 dagger.
The goblin shoots a stone.
The stone hits you. The stone burns you.
You hear a shout! x2
You are too injured to fight recklessly!
Unknown command.
You have got your breath back.
You hear a shout!
The goblin shoots a stone.
The stone hits you.
* * * LOW HITPOINT WARNING * * *
The stone burns you.
* * * LOW HITPOINT WARNING * * *
You hear a shout!
The goblin shoots a stone.
The stone barely misses you.
The goblin shoots a stone.
The stone barely misses you.
Unknown command.
Okay, then.
The goblin shoots a stone.
The stone hits you!
* * * LOW HITPOINT WARNING * * *
The stone burns you.
You die...
Your body rises from the dead as a mindless zombie. #g (. g####.# (.... gg(

##.###.#
#......#
##.#####
#.# ##@##
#..<#
#...#
#...#
#...#
.....
.......
........
####...###


You could see 2 goblins.

Vanquished Creatures
  2 dart slugs (D:1)
  3 bats (D:1)
  An endoplasm (D:1)
  A giant cockroach (D:1)
  5 goblins
  4 hobgoblins
  3 jackals (D:1)
  3 quokkas (D:1)
  3 ball pythons (D:1)
  A frilled lizard (D:1)
  A kobold (D:1)
  7 rats
34 creatures vanquished.

Notes
Turn   | Place    | Note
-------+----------+-------------------------------------------
     0 | D:1      | Lavandula the Naga Arcane Marksman began the quest for the
                  | Orb.
     0 | D:1      | Reached XP level 1. HP: 18/18 MP: 2/2
    74 | D:1      | Reached XP level 2. HP: 25/25 MP: 3/3
   439 | D:1      | Reached XP level 3. HP: 31/31 MP: 4/4
   883 | D:1      | Found a faded altar of an unknown god.
   901 | D:1      | Prayed at the altar of an unknown god.
   901 | D:1      | Became a worshipper of Yredelemnul the Dark
   901 | D:1      | Reached * piety under Yredelemnul
   902 | D:1      | fuck
  1088 | D:2      | HP: 1/31 [goblin/stone[Robin] (7)]
  1088 | D:2      | Shot with a stone by a goblin

Illustrated notes

...........#
#.#####...###.#####
...†.......# #.#
#...# #.#
#############
#.######..# #.#
##..###..###.# #.#
##..# ##..#..#
#.#####
#....###......#
#......
#...#...#...#
#######
#(((†.###..#
##.@.## ##.#
#.....# ..#
#...#...# ..#
#....###.... ##
##..# #..##
#############. ^##
...........#. ##
#############


Turn 902 on D:1: fuck

Levels and vault maps discovered:
D:1:      beargit_arrival_diablo_church, layout_basic,
          nicolae_ecumenical_snake_handling
D:2:      layout_loops_cross, corexii_hall_statues_l, uniq_robin, uniq_sigmund

Skill      XL: |  1  2 |
---------------+-------+-----
Crossbows      | 2 3 |  3.4
Fighting       | |  1.0
Dodging        | |  1.5
Spellcasting   | |  1.0
Hexes          | |  3.0

Action                   || total
-------------------------++-------
 Fire: Hand crossbow     ||    44
 Abil: Spit Poison       ||    13
Armor: Robe              ||     2
Dodge: Dodged            ||    10

Table legend: (Time is in decaauts)
 A = Elapsed time spent in this place.
 B = Non-inter-level travel time spent in this place.
 C = Inter-level travel time spent in this place.
 D = Time resting spent in this place.
 E = Time spent auto-exploring this place.
 F = Levels seen in this place.
 G = Mean time per level.
                   A        B        C        D        E       F      G
               +--------+--------+--------+--------+--------+-----+--------+
         Total |   1478 |   1408 |     70 |      0 |   1226 |   2 |  739.0 |
       Dungeon |   1478 |   1408 |     70 |      0 |   1226 |   2 |  739.0 |
               +--------+--------+--------+--------+--------+-----+--------+

Top non-repeatable levels by time:
     D:1: 1461 daAuts
     D:2: 16 daAuts
